 Dungeon Crawl Stone Soup version 0.29.1 (webtiles) character file.

Game seed: 12020778237631039287

4045 groovy9 the Skirmisher (level 10, -1/81 HPs)
             Began as a Minotaur Hunter on Sept 14, 2022.
             Was a Follower of Hepliaklqana.
             Killed by divine providence
             ... invoked by a meliai
              (11 damage)
             ... on level 9 of the Dungeon.
             The game lasted 00:25:43 (11102 turns).

groovy9 the Skirmisher (Minotaur Hunter)           Turns: 11102, Time: 00:25:43

Health: -1/81      AC:  8    Str: 16 (17) XL:     10   Next: 4%
Magic:  9/9        EV: 15    Int:  3 (6)  God:    Hepliaklqana [*.....]
Gold:   353        SH:  0    Dex: 15 (17) Spells: 9/9 levels left

rFire   . . .      SeeInvis +   a - +0 shortbow (vorpal)
rCold   . . .      Faith    .   (shield currently unavailable)
rNeg    + . .      Spirit   .   A - +0 acid dragon scales
rPois   .          Reflect  .   (helmet unavailable)
rElec   .          Harm     .   y - +0 cloak
rCorr   +          Rampage  .   (no gloves)
Will    .....                   o - +0 pair of boots
Stlth   +.........              (no amulet)
HPRegen 0.23/turn               w - ring of positive energy
MPRegen 0.11/turn               (no ring)

@: confused, ambrosia-drunk
A: reduced essence, horns 3, retaliatory headbutt, see invisible
a: Renounce Religion, Recall Ancestor, Ancestor Identity


You were on level 9 of the Dungeon.
You worshipped Hepliaklqana.
Hepliaklqana was aware of your devotion.
You visited 2 branches of the dungeon, and saw 10 of its levels.

You collected 465 gold pieces.
You spent 112 gold pieces at shops.

Inventory:

Hand Weapons
 a - a +0 vorpal shortbow (weapon)
Armour
 o - a +0 pair of boots (worn)
 q - a +2 cloak
 y - a +0 cloak (worn)
 A - +0 acid dragon scales (worn)
Jewellery
 w - a ring of positive energy (left hand)
Wands
 e - a wand of digging (5)
 p - a wand of charming (9)
 t - a wand of quicksilver (11)
Scrolls
 b - a scroll of immolation
 c - a scroll of identify
 k - a scroll of noise
 u - 2 scrolls of poison
 z - a scroll of blinking
 D - 2 scrolls of enchant armour
Potions
 d - 3 potions of brilliance
 f - a potion of cancellation {unknown}
 g - 4 potions of curing
 h - a potion of degeneration
 i - 3 potions of magic
 l - 4 potions of flight
 r - a potion of attraction


   Skills:
 + Level 9.1 Fighting
 * Level 12.0 Ranged Weapons
 + Level 8.2 Dodging
 - Level 0.7 Stealth


You had 9 spell levels left.
You didn't know any spells.
Your spell library contained the following spells:

 Spells                   Type           Power      Damage    Failure   Level
 Summon Small Mammal      Summ           0%         N/A       63%         1
 Sublimation of Blood     Necr           0%         N/A       77%         2
 Call Canine Familiar     Summ           0%         N/A       94%         3
 Summon Guardian Golem    Hex/Summ       0%         N/A       94%         3
 Leda's Liquefaction      Hex/Erth       0%         N/A       100%        4
 Petrify                  Tmut/Erth      0%         N/A       100%        4
 Fireball                 Conj/Fire      0%         3d3       100%        5
 Irradiate                Conj/Tmut      0%         3d11      100%        5
 Lee's Rapid Deconstruct  Erth           0%         3d5*      100%        5
 Starburst                Conj/Fire      0%         6d3       100%        6
 Statue Form              Tmut/Erth      0%         N/A       100%        6
 Ignition                 Fire           0%         3d3       100%        8


Dungeon Overview and Level Annotations

Branches:
Dungeon (9/15)             Temple (1/1) D:7            Lair (0/5) D:8
    Orc: D:9-12

Altars:
Ashenzari
Cheibriados
Dithmenos
Elyvilon
Gozag
Hepliaklqana
Kikubaaqudgha
Makhleb
Nemelex Xobeh
Qazlal
Ru
Sif Muna
Trog
Uskayaw
Vehumet
Xom
Yredelemnul
Zin
The Shining One

Shops:
D:5 ?


Innate Abilities, Weirdness & Mutations

Your life essence is reduced to manifest your ancestor. (-10% HP)
You have a pair of large horns on your head.
You reflexively headbutt those who attack you in melee.
You have supernaturally acute eyesight. (SInv)


Message History

* * * LOW HITPOINT WARNING * * *
Ramose hits the meliai!
The meliai hits you with a +0 hand axe.
* * * LOW HITPOINT WARNING * * *
The meliai barely misses you. The meliai hits you with a +0 hand axe.
* * * LOW HITPOINT WARNING * * *
The meliai completely misses you.
Your surroundings suddenly seem different.
You start resting.
Ramose has departed this plane of existence.
You start resting.
Ramose emerges from the mists of memory!
You start resting.
A meliai is nearby!
The meliai invokes the aid of its god against you.
Something smites you!
* * * LOW HITPOINT WARNING * * *
The meliai mumbles some strange prayers to its god against you.
Something smites you!
* * * LOW HITPOINT WARNING * * *
You hear an angry buzzing noise.
Okay, then.
Okay, then.
It was a potion of degeneration.
There was something very wrong with that liquid.
You feel weakened.
You feel dopey.
You feel clumsy.
It was a potion of mutation.
You feel extremely strange. The horns on your head grow some more.
Your vision sharpens.
The meliai zaps a wand.
The mass of ice explodes!
The iceblast engulfs Ramose!
Ramose partially resists.
The iceblast engulfs you.
* * * LOW HITPOINT WARNING * * *
It was a potion of ambrosia.
You are confused.
You feel invigorated.
The meliai zaps a wand.
The mass of ice explodes!
The iceblast engulfs Ramose!
Ramose partially resists.
The meliai invokes the aid of its god against you.
Something smites you!
You die...

. .. ...###########+#
.######.........@.....#
......................#
................R.....#
......................#
............)...y.....#
.................).....#
.......................#
...........)...y.......#
.......#####...........


You could see the friendly Ramose the ancestor and 2 meliai.

Vanquished Creatures
  Maggie (D:7)
  A komodo dragon (D:8)
  A hornet (D:8)
  A troll (D:9)
  A steam dragon (D:8)
  Menkaure (D:6)
  2 water moccasins (D:7)
  3 black bears
  A sky beast (D:7)
  An ogre (D:6)
  2 centaurs
  2 bullfrogs
  4 phantoms
  A gnoll sergeant (D:7)
  2 necrophages (D:7)
  4 scorpions
  5 killer bees (D:6)
  5 howler monkeys
  A jelly (D:6)
  2 orc priests
  Crazy Yiuf (D:3)
  A gnoll bouda (D:8)
  4 iguanas
  Ijyb (D:2)
  4 orc wizards
  18 gnolls
  6 adders
  2 white imps
  An ufetubus (D:6)
  11 dart slugs
  28 orcs
  4 endoplasms
  4 giant cockroaches
  6 goblins
  6 hobgoblins
  3 quokkas
  4 ball pythons
  11 bats
  5 frilled lizards
  4 kobolds
  5 rats
170 creatures vanquished.

Vanquished Creatures (collateral kills)
  An orc wizard (D:8)
1 creature vanquished.

Vanquished Creatures (others)
  An ancestor (D:9)
  A dart slug (D:5)
  23 plants
  4 withered plants (D:3)
29 creatures vanquished.

Grand Total: 200 creatures vanquished

Notes
Turn   | Place    | Note
-------+----------+-------------------------------------------
     0 | D:1      | groovy9 the Minotaur Hunter began the quest for the Orb.
     0 | D:1      | Reached XP level 1. HP: 18/18 MP: 0/0
    42 | D:1      | Reached XP level 2. HP: 25/25 MP: 1/1
   296 | D:1      | Reached skill level 5 in Ranged Weapons
   296 | D:1      | Reached XP level 3. HP: 26/31 MP: 2/2
   435 | D:1      | Found a faded altar of an unknown god.
  1421 | D:2      | Reached XP level 4. HP: 38/38 MP: 3/3
  2116 | D:2      | Found a shimmering altar of Xom.
  2374 | D:3      | Noticed Ijyb
  2526 | D:3      | Found an ancient bone altar of Kikubaaqudgha.
  2664 | D:2      | Killed Ijyb
  3107 | D:3      | Found a runed translucent door.
  3108 | D:3      | Noticed Crazy Yiuf
  3259 | D:3      | Found a stormy altar of Qazlal.
  3405 | D:3      | Killed Crazy Yiuf
  3406 | D:3      | Reached XP level 5. HP: 27/46 MP: 4/4
  3939 | D:4      | Reached skill level 6 in Ranged Weapons
  4447 | D:5      | Entered Level 5 of the Dungeon
  4447 | D:5      | Noticed a phantom
  4627 | D:5      | Noticed a black bear
  4719 | D:4      | Killed a phantom
  4720 | D:4      | Reached XP level 6. HP: 32/53 MP: 5/5
  5236 | D:5      | Reached skill level 7 in Ranged Weapons
  5366 | D:5      | Reached skill level 5 in Fighting
  5366 | D:5      | Reached XP level 7. HP: 48/61 MP: 6/6
  5663 | D:5      | Reached skill level 5 in Dodging
  5837 | D:5      | Reached skill level 8 in Ranged Weapons
  5902 | D:5      | Found a shimmering blue altar of Sif Muna.
  5964 | D:5      | Found Xatof's Magic Scroll Shop.
  5972 | D:5      | Bought a scroll of blinking for 112 gold pieces
  6170 | D:6      | Reached XP level 8. HP: 39/70 MP: 7/7
  6478 | D:6      | Noticed Menkaure
  6705 | D:6      | Killed Menkaure
  6790 | D:6      | Reached skill level 9 in Ranged Weapons
  7574 | D:7      | Noticed Maggie
  7597 | D:7      | Found a staircase to the Ecumenical Temple.
  7604 | D:7      | Reached skill level 10 in Ranged Weapons
  7615 | Temple   | Entered the Ecumenical Temple
  7623 | Temple   | Became a worshipper of Hepliaklqana the Forgotten
  7977 | D:7      | Reached XP level 9. HP: 79/79 MP: 8/8
  8012 | D:7      | Killed Maggie
  8939 | D:7      | Reached skill level 11 in Ranged Weapons
  9493 | D:8      | Noticed a komodo dragon
  9524 | D:8      | Killed a komodo dragon
  9774 | D:8      | Found a staircase to the Lair.
  9795 | D:8      | Paralysed by a hornet for 2 turns
 10092 | D:8      | Reached * piety under Hepliaklqana
 10992 | D:9      | Noticed a troll
 11010 | D:9      | Killed a troll
 11011 | D:9      | Reached skill level 12 in Ranged Weapons
 11011 | D:9      | Reached XP level 10. HP: 57/81 MP: 9/9
 11101 | D:9      | Gained mutation: You have a pair of large horns on your
                  | head. [potion of mutation]
 11101 | D:9      | Gained mutation: You have supernaturally acute eyesight.
                  | (SInv) [potion of mutation]
 11101 | D:9      | HP: 4/81 [meliai/iceblast (3)]
 11102 | D:9      | Killed from afar by a meliai

Illustrated notes

Levels and vault maps discovered:
D:1:      erik_arrival_cave_to_civilisation [erik_arrival_cave_to_hall],
          layout_loops_corners, shapermc_ecumenical_altar_notcrosses
D:2:      layout_basic, basic_altar
D:3:      layout_basic, mainiacjoe_overflow_alcove_1, kiku_gazebo_garden_becter,
          uniq_ijyb, uniq_crazy_yiuf_cottage
D:4:      layout_gridville, hangedman_decor_push, wad_orctagon
D:5:      kennysheep_slugbush, layout_loops_cross,
          nicolae_sif_muna_little_library, serial_shops, shop
D:6:      layout_loops_corners, uniq_menkaure
D:7:      layout_rooms, minmay_temple_entry_large_hall, uniq_maggie
D:8:      layout_loops_ring, david_lair_shrubbed, serial_aquarium,
          aquarium_bridge_island_small [aquarium_subvault_small_open,
          aquarium_subvault_bridge, aquarium_subvault_bridge,
          aquarium_subvault_bridge, aquarium_subvault_window],
          aquarium_bridge_square [aquarium_subvault_balcony,
          aquarium_subvault_bridge, aquarium_subvault_bridge,
          aquarium_subvault_balcony], aquarium_window_1, aquarium_window_2,
          aquarium_window_corridor_3, aquarium_view_2g, aquarium_view_2f,
          aquarium_balcony_3a, aquarium_pool_split
D:9:      layout_irregular_city, fedhas_ov_isle_minmay, uniq_maurice,
          uniq_harold
Temple:   compressed_dpeg_triangle_lava_temple

Skill      XL: |  1  2  3  4  5  6  7  8  9 |
---------------+----------------------------+-----
Fighting       | 3 4 5 6 7 9 |  9.1
Ranged Weapons | 5 6 7 8 10 12 | 12.0
Dodging        | 3 4 5 6 8 |  8.2
Stealth        | |  0.7

Action                   |  1- 3 |  4- 6 |  7- 9 | 10-12 || total
-------------------------+-------+-------+-------+-------++-------
 Fire: Shortbow          |    81 |   194 |   421 |     2 ||   698
  Use: Scroll            |       |     9 |     9 |     1 ||    19
       Potion            |       |     1 |    10 |     3 ||    14
Armor: Leather armour    |     8 |    60 |    24 |       ||    92
       Skin              |       |       |    23 |       ||    23
       Acid dragon scale |       |       |    16 |       ||    16
Dodge: Dodged            |    13 |    99 |   158 |     2 ||   272
